Map: Éphémèrion EC

Players

defer

  • Race: Protoss Protoss
  • League: Silver
  • Spawn Location: 5:00

IA (très facile) - Winner!

  • Race: Terran Terran
  • Spawn Location: 11:00

VOD

Have the link to the VOD?

Description

Time

  • Played on: Jan. 18, 2020, 6:16 a.m.
  • Length: 4:17
Show
View Real Time Build Order
Export as new Build Order

defer Protoss 

Build Orders: 1 Gate Expand 

Get SALT Encoding   

  12  0:01  Probe  
  13  0:13  Probe  
  14  0:17  Pylon  
  14  0:25  Probe (Chrono Boost)  
  15  0:37  Probe (Chrono Boost)  
  15  0:39  Gateway  
  16  0:45  Probe (Chrono Boost)  
  17  0:51  Probe  
  18  1:03  Probe  
  19  1:15  Probe  
  19  1:18  Nexus  
  20  1:28  Probe  
  20  1:30  Cybernetics Core  
  21  1:34  Assimilator  
  21  1:40  Probe  
  21  1:42  Assimilator  
  22  1:48  Pylon  
  22  1:52  Probe  
  23  2:06  Adept (Chrono Boost), Probe  
  26  2:15  Warp Gate  
  26  2:18  Probe  
  27  2:27  Adept (Chrono Boost)  
  29  2:30  Probe x2 (Chrono Boost)  
  31  2:40  Probe x2 (Chrono Boost)  
  33  2:45  Probe x2 (Chrono Boost)  
  33  2:47  Pylon  
  35  2:56  Adept, Probe x2  
  39  3:08  Probe (Chrono Boost)  
  39  3:09  Pylon  
  39  3:12  Probe (Chrono Boost)  
  41  3:18  Twilight Council  
  42  3:20  Forge, Probe (Chrono Boost)  
  42  3:24  Probe (Chrono Boost)  
  42  3:25  Probe (Chrono Boost)  
  42  3:26  Adept  
  46  3:33  Gateway, Probe  
  47  3:35  Probe  
  48  3:46  Probe (Chrono Boost)  
  48  3:47  Probe (Chrono Boost)  
  50  3:59  Assimilator, Probe (Chrono Boost)  
  50  4:01  Assimilator  
  52  4:02  Probe (Chrono Boost)  
  52  4:05  Probe (Chrono Boost)  
Show
View Real Time Build Order
Export as new Build Order

IA (très facile) Terran - Winner!

Build Orders:  

Get SALT Encoding   

  12  0:00  SCV  
  13  0:13  SCV  
  14  0:18  Supply Depot  
  14  0:37  Refinery  
  14  0:41  Barracks  
  14  1:06  Supply Depot  
  14  1:13  Refinery  
  14  1:27  Marine  
  14  1:30  SCV  
  16  1:43  SCV  
  17  1:55  SCV  
  17  1:59  Marine  
  19  2:07  SCV  
  20  2:19  SCV  
  21  2:30  Marine  
  21  2:31  SCV  
  24  2:44  Orbital Command  
Tags
 
Add a new tag
Caveats
  • Supply blocks, unpowered buildings, or Contaminate may cause inaccurate times.
  • Supply counts are checked every 10 seconds.